Map: Dusk Towers

Players

Raguel - Winner!

  • Race: Zerg Zerg
  • League: Diamond

CrAzYbObO

  • Race: Zerg Zerg
  • League: Platinum

VOD

Have the link to the VOD?

Description

Time

  • Played on: May 14, 2016, 12:15 p.m.
  • Length: 18:52
Show
View Real Time Build Order
Export as new Build Order

Raguel Zerg - Winner!

Build Orders: Hatch First, Lurkers 

Get SALT Encoding   

  12  0:01  Drone  
  13  0:13  Overlord  
  13  0:18  Drone  
  14  0:32  Drone x2  
  14  0:35  Drone  
  17  0:55  Hatchery  
  17  0:57  Drone  
  17  1:13  Spawning Pool  
  17  1:14  Drone, Extractor  
  17  1:16  Drone  
  17  1:26  Drone  
  17  1:30  Drone  
  19  1:41  Overlord  
  19  1:51  Drone  
  20  2:00  Queen  
  22  2:08  Queen  
  22  2:10  Zergling x4  
  26  2:21  Metabolic Boost  
  26  2:23  Drone x3  
  29  2:40  Baneling Nest  
  29  2:43  Zergling x4  
  30  2:57  Spine Crawler  
  29  2:58  Zergling x2  
  29  2:59  Zergling x6  
  32  3:21  Drone x4  
  32  3:23  Overlord x2  
  33  3:40  Drone  
  33  3:41  Drone x3, Hatchery  
  35  3:57  Zergling x6  
  38  4:03  Zergling x2  
  38  4:13  Zergling x4  
  36  4:25  Baneling  
  36  4:26  Baneling x2  
  36  4:33  Baneling x2  
  36  4:34  Baneling x2  
  36  4:37  Drone x5  
  41  4:40  Extractor  
  40  4:46  Lair  
  40  4:48  Extractor  
  39  4:56  Drone x9  
  48  5:00  Extractor  
  47  5:19  Drone x5  
  47  5:20  Drone x2  
  54  5:28  Queen  
  54  5:29  Drone  
  57  5:42  Overlord x2  
  57  5:43  Overlord x2  
  57  5:49  Overseer  
  57  5:54  Spire  
  56  6:05  Drone x5  
  56  6:06  Drone x4  
  56  6:07  Zergling x2  
  56  6:08  Zergling x6  
  69  6:22  Extractor  
  69  6:25  Spine Crawler  
  67  6:26  Extractor  
  67  6:29  Spine Crawler  
  67  6:30  Spine Crawler x2  
  63  6:37  Drone x7  
  70  6:50  Overlord x3  
  70  7:08  Mutalisk x9  
  88  7:17  Hydralisk Den, Drone x9  
  88  7:21  Evolution Chamber  
  95  7:28  Queen  
  97  7:42  Drone x2  
  97  7:43  Drone x5  
  97  7:44  Overlord x4  
  104  7:53  Hatchery  
  103  7:59  Mutalisk  
  105  8:07  Mutalisk x3  
  105  8:08  Mutalisk x4  
  119  8:15  Zergling x16  
  127  8:27  Mutalisk  
  127  8:28  Mutalisk x2  
  127  8:31  Spine Crawler x2  
  127  8:32  Spine Crawler  
  125  8:45  Mutalisk x3  
  125  8:47  Zergling x6  
  124  9:01  Mutalisk x2  
  124  9:02  Mutalisk  
  127  9:10  Zerg Missile Weapons Level 1  
  127  9:15  Drone x5  
  127  9:16  Queen  
  134  9:19  Queen  
  127  9:38  Hydralisk x3  
  127  9:39  Hydralisk x4  
  141  9:46  Overlord  
  141  9:47  Overlord x3  
  141  10:01  Lurker Den  
  141  10:06  Hydralisk x8  
  145  10:12  Zergling x2  
  145  10:13  Zergling x4  
  160  10:19  Zergling x4  
  160  10:20  Zergling x2  
  160  10:21  Zergling x6  
  166  10:29  Pneumatized Carapace  
  164  10:41  Zergling x14  
  107  11:01  Drone x3, Roach Warren  
  107  11:02  Drone x5  
  114  11:04  Extractor  
  114  11:05  Extractor  
  112  11:19  Zerg Missile Weapons Level 2  
  112  11:24  Evolution Chamber  
  108  11:33  Hydralisk x9  
  108  11:34  Hydralisk  
  108  11:35  Lurker x5  
  128  11:47  Roach  
  128  11:48  Roach x6  
  142  11:57  Overseer  
  142  11:59  Roach x3  
  148  12:09  Drone x2  
  148  12:10  Drone x3  
  148  12:13  Overlord  
  153  12:18  Muscular Augments  
  153  12:19  Hatchery  
  153  12:20  Zerg Ground Armor Level 1  
  152  12:28  Roach x4  
  160  12:34  Roach x4  
  160  12:35  Overlord x2  
  160  12:36  Overlord x4  
  168  12:55  Hydralisk x4  
  168  12:56  Hydralisk x3  
  182  13:10  Hydralisk x8  
  198  13:16  Infestation Pit  
  195  13:25  Lurker  
  195  13:26  Lurker x2  
  198  13:28  Roach  
  177  14:08  Hydralisk x2  
  177  14:09  Hydralisk x14  
  159  14:42  Zergling x24  
  171  15:06  Hatchery  
  171  15:07  Overseer x2  
  170  15:08  Hatchery  
  136  15:22  Hydralisk x7  
  136  15:23  Hydralisk x4  
  145  15:34  Hive  
  116  15:43  Hydralisk x5  
  114  15:54  Roach x3  
  118  15:57  Hydralisk x8  
  116  16:08  Roach x7  
  127  16:13  Extractor  
  127  16:16  Extractor  
  127  16:17  Lurker x5  
  127  16:18  Lurker x3  
  115  16:25  Roach  
  115  16:26  Roach x2  
  118  16:40  Drone x3  
  120  16:50  Lurker x7  
  120  16:51  Lurker x3  
  130  17:17  Hatchery  
  129  17:25  Roach x8  
  129  17:26  Roach  
  153  18:41  Extractor  
  153  18:46  Extractor  
Show
View Real Time Build Order
Export as new Build Order

CrAzYbObO Zerg 

Build Orders: Hatch First 

Get SALT Encoding   

  12  0:01  Drone  
  13  0:09  Drone  
  14  0:18  Overlord  
  14  0:23  Extractor  
  14  0:24  Drone  
  15  0:37  Drone x2  
  17  0:45  Drone  
  18  0:59  Hatchery  
  18  1:02  Drone  
  18  1:05  Extractor  
  17  1:16  Spawning Pool  
  17  1:18  Drone  
  17  1:21  Drone  
  18  1:28  Overlord  
  18  1:38  Drone  
  19  1:52  Drone  
  20  2:04  Queen  
  20  2:05  Zergling x2  
  23  2:11  Metabolic Boost  
  23  2:12  Queen  
  23  2:14  Zergling x4  
  27  2:27  Zergling x4  
  29  2:35  Overlord  
  29  2:36  Drone  
  30  2:44  Drone  
  30  2:45  Queen, Drone  
  34  2:55  Spine Crawler  
  34  2:57  Drone x2  
  35  3:04  Drone  
  35  3:18  Drone x2  
  37  3:21  Hatchery  
  36  3:32  Zergling x8  
  36  3:33  Zergling x2  
  40  3:43  Overlord  
  40  3:45  Zergling x6  
  43  3:50  Spine Crawler  
  42  4:02  Drone  
  42  4:03  Drone x2  
  44  4:11  Drone x2  
  44  4:12  Drone x2  
  48  4:22  Zergling x2  
  42  4:26  Evolution Chamber  
  42  4:30  Drone x2  
  43  4:36  Drone  
  43  4:37  Roach Warren  
  43  4:39  Extractor  
  43  4:41  Queen  
  44  4:46  Drone x3, Extractor  
  46  4:53  Drone  
  46  4:55  Queen, Drone x2  
  46  4:56  Drone x3  
  46  4:59  Zerg Missile Weapons Level 1  
  54  5:01  Drone x2  
  54  5:06  Drone  
  57  5:17  Drone  
  57  5:19  Overlord x3  
  58  5:31  Lair  
  58  5:34  Extractor  
  58  5:35  Drone, Extractor  
  58  5:36  Queen  
  58  5:37  Extractor  
  58  5:38  Drone  
  59  5:43  Drone x2  
  59  5:44  Drone x3  
  59  5:45  Evolution Chamber  
  59  5:46  Drone x3  
  66  6:02  Drone  
  67  6:07  Drone x2  
  69  6:16  Zerg Ground Armor Level 1  
  69  6:22  Drone x5  
  69  6:23  Drone  
  74  6:31  Glial Reconstitution  
  74  6:34  Roach  
  74  6:35  Roach  
  78  6:44  Drone x2  
  80  6:47  Overlord x6  
  80  6:56  Zerg Missile Weapons Level 2  
  80  7:09  Infestation Pit  
  80  7:10  Roach x2  
  80  7:11  Roach x6  
  95  7:23  Roach x2  
  95  7:24  Roach x9  
  117  7:31  Roach x2  
  117  7:36  Roach  
  123  7:38  Overlord  
  123  7:45  Overlord  
  123  7:46  Overlord x3  
  123  7:51  Roach  
  123  7:52  Roach x2  
  121  8:13  Spore Crawler, Hydralisk Den  
  121  8:14  Spore Crawler  
  121  8:16  Spore Crawler  
  121  8:17  Spore Crawler x2  
  113  8:23  Roach x2  
  113  8:26  Infestor x3  
  123  8:28  Infestor x2  
  94  9:02  Hydralisk x3  
  76  9:03  Hydralisk x12  
  76  9:04  Hydralisk  
  102  9:14  Zerg Ground Armor Level 2  
  102  9:24  Hydralisk x2  
  102  9:25  Hydralisk x2  
  102  9:26  Drone  
  111  9:31  Drone x2  
  111  9:45  Hydralisk x3  
  113  9:49  Hydralisk  
  113  9:51  Drone x2  
  113  9:52  Drone x3  
  124  10:04  Hydralisk x4  
  132  10:18  Muscular Augments  
  132  10:27  Overlord x2  
  132  10:28  Drone x3  
  134  10:29  Hydralisk x3  
  99  10:55  Roach x3  
  99  10:56  Roach x5, Hydralisk x4  
  113  11:16  Hatchery  
  112  11:23  Hydralisk x6  
  124  11:29  Zerg Melee Weapons Level 1  
  124  11:42  Roach, Hydralisk, Infestor x2  
  124  11:43  Infestor  
  134  11:56  Lurker Den  
  134  12:03  Pneumatized Carapace  
  134  12:36  Drone x2  
  136  12:37  Hydralisk x8  
  136  12:38  Hydralisk x8  
  136  12:40  Overlord x3  
  168  12:56  Spore Crawler  
  167  13:09  Hive  
  167  13:21  Drone x3  
  170  13:40  Overlord x2  
  170  13:44  Hatchery  
  169  13:52  Hydralisk x2  
  169  13:53  Hydralisk x4  
  143  14:40  Overseer x2  
  147  14:45  Roach x2  
  147  14:46  Roach x7, Hydralisk x4  
  147  14:47  Hydralisk x7  
  147  14:48  Drone  
  147  14:52  Overlord x4  
  184  15:00  Drone  
  184  15:04  Spore Crawler  
  184  15:07  Spine Crawler  
  119  15:40  Hydralisk x2  
  119  15:41  Roach x3  
  119  15:42  Roach x7  
  115  15:50  Roach  
  117  16:07  Hatchery  
  100  16:29  Roach x3  
  100  16:30  Roach x8  
  116  16:50  Ultralisk Cavern  
  115  16:56  Overseer x3  
  115  16:57  Overseer  
  115  17:26  Hatchery  
  114  17:40  Ultralisk  
  107  17:53  Ultralisk  
Tags
 
Add a new tag
Caveats
  • Supply blocks, unpowered buildings, or Contaminate may cause inaccurate times.
  • Supply counts are checked every 10 seconds.